 Dungeon Crawl Stone Soup version 0.31.0-32-g396128a36d (webtiles) character file.

Game seed: 17734438195389096414

27806 Kaboulah the Thaumaturge (level 13, -13/80 HPs)
             Began as a Tengu Air Elementalist on Mar 14, 2024.
             Was an Initiate of Gozag.
             Mangled by a skyshark (23 damage)
             ... on level 4 of the Lair of Beasts on Mar 17, 2024.
             The game lasted 02:46:56 (18357 turns).

Kaboulah the Thaumaturge (Tengu Air Elementalist)  Turns: 18357, Time: 02:46:56

Health: -13/80     AC:  5    Str:  9    XL:     13   Next: 34%
Magic:  31/40      EV: 35    Int: 21    God:    Gozag
Gold:   2484       SH:  0    Dex: 14    Spells: 29/39 levels left

rFire   + . .        H - +1 dagger of Eternal Night {freeze, rPois rN+ rCorr}
rCold   . . .        (no shield)
rNeg    + + .        F - +0 robe {rF+}
rPois   +            (helmet restricted)
rElec   .            q - +2 cloak
rCorr   +            (no gloves)
SInv    .            (boots unavailable)
Will    .....        v - amulet of regeneration
Stlth   ++           c - ring of positive energy
HPRegen 1.13/turn    u - ring of magical power
MPRegen 0.27/turn

%: acrobat
@: swift, gold aura, acrobatic, flying, quick
A: beak, talons 3, evasive flight, acrobatic
a: Renounce Religion, Potion Petition, Call Merchant, Bribe Branch


You were on level 4 of the Lair of Beasts.
You worshipped Gozag.
Gozag was most pleased with you.
You visited 5 branches of the dungeon, and saw 16 of its levels.

You collected 2783 gold pieces.
You spent 247 gold pieces at shops.
You paid 52 gold pieces to Gozag.

Inventory:

Hand Weapons
 H - the +1 dagger of Eternal Night (weapon) {freeze, rPois rN+ rCorr}
   (You found it on level 1 of the Lair of Beasts)

   rPois:     It protects you from poison rN+: It protects you from negative
   energy.
   rCorr:     It protects you from acid and corrosion.
Armour
 q - a +2 cloak (worn)
 F - a +0 robe of fire resistance (worn)
 K - a scarf of shadows
Magical Staves
 O - a staff of death
Jewellery
 c - a ring of positive energy (left hand)
 r - a ring of positive energy
 u - a ring of magical power (right hand)
 v - an amulet of regeneration (around neck)
 C - a ring of protection from cold
Talismans
 y - a flux talisman
 J - a maw talisman
 N - a serpent talisman
Wands
 p - a wand of flame (36)
 t - a wand of digging (3)
 w - a wand of roots (23)
 z - a wand of paralysis (26)
Scrolls
 a - 4 scrolls of fear
 d - 5 scrolls of teleportation
 g - 2 scrolls of immolation
 h - 2 scrolls of noise {unknown}
 k - 4 scrolls of brand weapon
 m - 2 scrolls of silence {unknown}
 n - 2 scrolls of enchant armour {unknown}
 x - 3 scrolls of enchant weapon
 A - a scroll of vulnerability {unknown}
 D - a scroll of fog {unknown}
 G - 2 scrolls of blinking {unknown}
 M - 3 scrolls of identify
Potions
 b - 2 potions of magic
 e - a potion of mutation
 f - 2 potions of cancellation
 i - a potion of lignification
 j - a potion of haste
 l - 3 potions of heal wounds
 o - 4 potions of enlightenment
 s - 2 potions of brilliance
 B - 7 potions of curing
 E - a potion of berserk rage
 I - a potion of degeneration {unknown}
 L - a potion of resistance {unknown}


   Skills:
 * Level 8.9 Fighting
 * Level 9.8 Dodging
 - Level 2.0 Stealth
 - Level 0.1 Unarmed Combat
 + Level 13.5 Spellcasting
 - Level 10.0 Conjurations
 - Level 12.2 Air Magic


You had 29 spell levels left.
You knew the following spells:

 Your Spells              Type           Power      Damage    Failure   Level
a - Shock                 Conj/Air       100%       1d9       1%          1
b - Static Discharge      Conj/Air       100%       3-8/arc   1%          2
c - Swiftness             Air            60%        N/A       1%          3
d - Airstrike             Air            30%        2d(5-21)  1%          4

Your spell library contained the following spells:

 Spells                   Type           Power      Damage    Failure   Level
 Cigotuvi's Dreadful Rot  Necr/Alch/Air  62%        N/A       1%          2
 Hailstorm                Conj/Ice       35%        3d8       1%          3
 Freeze                   Ice            56%        1d7       4%          1
 Freezing Cloud           Conj/Ice/Air   22%        6-21      6%          5
 Frozen Ramparts          Ice            28%        1d5       14%         3
 Summon Ice Beast         Ice/Summ       14%        N/A       14%         3
 Ignite Poison            Fire/Alch      14%        N/A       41%         4
 Sculpt Simulacrum        Ice/Alch       7%         N/A       100%        6


Dungeon Overview and Level Annotations

Branches:
Dungeon (8/15)             Temple (1/1) D:4            Lair (5/5) D:8
  Swamp (1/4) Lair:3       Spider (1/4) Lair:3
  Slime: Lair:4-5

Altars:
Ashenzari
Cheibriados
Dithmenos
Fedhas
Gozag
Hepliaklqana
Kikubaaqudgha
Makhleb
Nemelex Xobeh
Okawaru
Qazlal
Ru
Sif Muna
Uskayaw
Xom
Yredelemnul
Zin
The Shining One

Shops:
D:6 *   D:8 !


Innate Abilities, Weirdness & Mutations

You have a beak for a mouth.
You have claws for feet.
Your magical flight helps you evade attacks. (EV +4)
You can magically evade attacks while moving or waiting.


Message History

The skyshark is struck by an arc of lightning.
The skyshark is heavily wounded.
You are struck by an arc of lightning.
The yak is struck by an arc of lightning.
You kill the yak!
The lightning grounds out.
The skyshark bites you!
The skyshark tastes blood and grows stronger!
The skyshark completely misses you. The skyshark tail-slaps you.
Casting: Static Discharge (safe; 1% risk of failure)
Press: ? - help, Q - select action, (/) - cycle Dir - look around, f - activate The skyshark is struck by an arc of lightning.
The skyshark is heavily wounded.
You are struck by an arc of lightning.
The skyshark is struck by an arc of lightning!
The skyshark is severely wounded.
You are struck by an arc of lightning.
The skyshark is struck by an arc of lightning.
The skyshark is severely wounded.
The lightning grounds out.
The skyshark bites you!!
* * * LOW HITPOINT WARNING * * *
The skyshark enters a blood-rage!
The skyshark tail-slaps you!
* * * LOW HITPOINT WARNING * * *
The skyshark misses you.
You feel much better. The skyshark barely misses you.
The skyshark completely misses you. The skyshark tail-slaps you!
* * * LOW HITPOINT WARNING * * *
Casting: Swiftness (safe; 1% risk of failure)
Press: ? - help, Q - select action, (/) - cycle Dir - look around, f - activate You feel quick.
The skyshark closely misses you. The skyshark barely misses you. x2
The skyshark completely misses you. The skyshark tail-slaps you.
* * * LOW HITPOINT WARNING * * *
The skyshark tail-slaps you but does no damage.
You see here 16 gold pieces.
The skyshark completely misses you. x2; The skyshark misses you.
The skyshark attacks as it pursues you! The skyshark bites you!!
You die...
Your body crumbles into a pile of gold.

.##....#............#
...................P#
##........~~~......##
#.........~~.......#
........#...~......#
.......##...~......#
.......#..........P#
.......##.........##
.......##.......@..#
................F..#
#................$##
#####............$>#
## #.............##
.# #.............##
.####.............P#
.#.P###.....P......##
.....##.#....P......#


You could see a skyshark (berserk).

Vanquished Creatures
  3 hydras
  A ghost crab (Swamp:1)
  7 death yaks
  2 goliath frogs (Swamp:1)
  An orb spider (Lair:3)
  A bog body (Swamp:1)
  4 black mambas
  7 cane toads
  5 rime drakes
  2 komodo dragons
  2 polar bears (Lair:3)
  4 blink frogs
  4 dream sheep (Lair:3)
  2 basilisks
  39 yaks
  7 wyverns
  Eustachio (D:5)
  4 swamp worms
  8 water moccasins
  Duvessa (D:6)
  An orc warrior (D:7)
  4 black bears
  3 ogres
  4 wolves
  4 centaurs
  4 phantoms
  A kobold brigand (D:7)
  17 bullfrogs
  A scorpion (D:6)
  4 wights
  Dowan (D:6)
  A howler monkey (D:5)
  2 hounds
  An orc priest (D:6)
  A gnoll bouda (D:5)
  3 jellies
  3 iguanas
  5 sleepcaps
  Natasha (thrice) (D:3)
  6 orc wizards
  8 gnolls
  11 adders
  5 dart slugs
  A ribbon worm (D:2)
  8 orcs
  6 endoplasms
  6 giant cockroaches
  14 goblins
  7 hobgoblins
  6 quokkas
  9 ball pythons
  6 bats
  3 frilled lizards
  14 kobolds
  9 rats
287 creatures vanquished.

Vanquished Creatures (others)
  6 foxfires (Swamp:1)
6 creatures vanquished.

Grand Total: 293 creatures vanquished

Notes
Turn   | Place    | Note
-------+----------+-------------------------------------------
     0 | D:1      | Kaboulah the Tengu Air Elementalist began the quest for the
                  | Orb.
     0 | D:1      | Reached XP level 1. HP: 10/10 MP: 4/4
    91 | D:1      | Reached XP level 2. HP: 8/16 MP: 6/6
   903 | D:2      | Reached XP level 3. HP: 20/20 MP: 4/7
   971 | D:2      | Reached skill level 5 in Air Magic
  1390 | D:2      | Reached XP level 4. HP: 24/24 MP: 3/8
  1723 | D:2      | Reached skill level 3 in Spellcasting
  2392 | D:3      | Learned a level 2 spell: Static Discharge
  2396 | D:3      | Learned a level 3 spell: Swiftness
  2396 | D:3      | Noticed Natasha
  2402 | D:3      | Killed Natasha
  2403 | D:3      | Reached skill level 1 in Fighting
  2403 | D:3      | Reached XP level 5. HP: 25/29 MP: 0/10
  2542 | D:3      | Found an iron altar of Okawaru.
  2553 | D:3      | Found a glowing silver altar of Zin.
  2604 | D:3      | Noticed Natasha
  2611 | D:3      | Killed Natasha
  3253 | D:3      | Noticed Natasha
  3258 | D:3      | Killed Natasha
  3259 | D:3      | Reached XP level 6. HP: 29/34 MP: 4/12
  3343 | D:3      | Found an opulent altar of Gozag.
  3349 | D:3      | Became a worshipper of Gozag Ym Sagoz the Greedy
  4054 | D:4      | Found a staircase to the Ecumenical Temple.
  4084 | Temple   | Entered the Ecumenical Temple
  4122 | D:4      | Reached skill level 4 in Spellcasting
  4768 | D:5      | Entered Level 5 of the Dungeon
  4822 | D:5      | Gained mutation: Your magical flight helps you evade
                  | attacks. (EV +4) [Tengu growth]
  4822 | D:5      | Reached XP level 7. HP: 35/38 MP: 9/14
  5075 | D:5      | Found a sparkling altar of Nemelex Xobeh.
  5082 | D:5      | Found an ancient bone altar of Kikubaaqudgha.
  5195 | D:5      | Noticed Eustachio
  5543 | D:5      | Reached skill level 5 in Spellcasting
  5680 | D:5      | Killed Eustachio
  5681 | D:5      | Reached XP level 8. HP: 36/45 MP: 16/16
  5908 | D:5      | Learned a level 4 spell: Airstrike
  6626 | D:6      | Found Amnienep's Gadget Gallery.
  6630 | D:6      | Noticed Duvessa
  6630 | D:6      | Noticed Dowan
  6634 | D:6      | Killed Duvessa
  6643 | D:6      | Killed Dowan
  6702 | D:6      | Reached skill level 6 in Spellcasting
  6913 | D:6      | Reached XP level 9. HP: 52/52 MP: 19/19
  7469 | D:7      | Reached skill level 5 in Conjurations
  7617 | D:7      | Reached skill level 5 in Dodging
  8629 | D:8      | Reached skill level 7 in Spellcasting
  8682 | D:8      | Reached skill level 10 in Air Magic
  8810 | D:8      | Found Leygy's Distillery.
  8818 | D:8      | Bought a potion of curing for 39 gold pieces
  8818 | D:8      | Bought a potion of curing for 39 gold pieces
  8818 | D:8      | Bought a potion of enlightenment for 65 gold pieces
  8818 | D:8      | Bought a potion of heal wounds for 65 gold pieces
  8818 | D:8      | Bought a potion of curing for 39 gold pieces
  9367 | D:8      | Found a staircase to the Lair.
  9414 | Lair:1   | Entered Level 1 of the Lair of Beasts
  9518 | D:8      | Reached skill level 5 in Fighting
  9518 | D:8      | Reached XP level 10. HP: 11/59 MP: 22/22
  9676 | Lair:1   | Noticed a black mamba
  9680 | Lair:1   | Killed a black mamba
  9755 | Lair:1   | Reached skill level 8 in Spellcasting
  9806 | Lair:1   | Identified the +0 leather armour "Earthly Heaven" {Harm
                  | Dex+4}
  9985 | Lair:1   | Noticed a cane toad
  9991 | Lair:1   | Killed a cane toad
 10428 | Lair:1   | Reached XP level 11. HP: 64/64 MP: 6/24
 10593 | Lair:1   | Reached skill level 9 in Spellcasting
 10712 | Lair:1   | Identified the +1 dagger of Eternal Night {freeze, rPois
                  | rN+ rCorr}
 12017 | Lair:2   | Reached skill level 10 in Spellcasting
 13341 | Lair:3   | Reached XP level 12. HP: 34/72 MP: 9/27
 13383 | Lair:3   | Noticed a five-headed hydra
 13394 | Lair:3   | Found a frozen archway.
 13401 | Lair:3   | Reached skill level 11 in Spellcasting
 13596 | Lair:3   | Killed a five-headed hydra
 13771 | Lair:3   | Noticed a five-headed hydra
 13774 | Lair:3   | Killed a five-headed hydra
 14172 | Lair:3   | Found a hole to the Spider Nest.
 14372 | Lair:3   | Noticed a death yak
 14373 | Lair:3   | Noticed a death yak
 14380 | Lair:3   | Noticed a death yak
 14381 | Lair:3   | Killed a death yak
 14553 | Lair:3   | Killed a death yak
 14558 | Lair:3   | Killed a death yak
 14559 | Lair:3   | Reached skill level 12 in Spellcasting
 14934 | Lair:3   | Found a staircase to the Swamp.
 15093 | Swamp:1  | Entered Level 1 of the Swamp
 15218 | Swamp:1  | Noticed a ghost crab
 15343 | Spider:1 | Entered Level 1 of the Spider Nest
 15343 | Spider:1 | Noticed a demonic crawler
 16250 | Lair:4   | Noticed a four-headed hydra
 16256 | Lair:4   | Killed a four-headed hydra
 16340 | Lair:4   | Noticed a death yak
 16342 | Lair:4   | Noticed a death yak
 16345 | Lair:4   | Noticed a death yak
 16346 | Lair:4   | Noticed a death yak
 16347 | Lair:4   | Killed a death yak
 16348 | Lair:4   | Reached XP level 13. HP: 79/79 MP: 11/30
 16736 | Lair:4   | Reached skill level 13 in Spellcasting
 17072 | Lair:4   | Reached skill level 10 in Conjurations
 17306 | Swamp:1  | Noticed a bunyip
 18109 | Lair:5   | Entered Level 5 of the Lair of Beasts
 18352 | Lair:4   | HP: 3/80 [skyshark (10)]
 18357 | Lair:4   | Mangled by a skyshark

Illustrated notes

Levels and vault maps discovered:
D:1:      mainiacjoe_arrival_oval_in_oval, layout_basic, minmay_misc_feat_tower,
          minmay_cupped
D:2:      minmay_angry_zag, layout_loops_cross, kennysheep_donut,
          kennysheep_flooded_box, st_stairs_5, hangedman_decor_lopped,
          minmay_diced_spiral
D:3:      layout_loops_ring, pdpol_temple_overflow_zin_treasury_gozag_greed,
          okawaru_metal_pillars_1_2, minmay_parallelograms,
          minmay_randomly_rotated_circles, uniq_natasha
D:4:      layout_loops_cross, minmay_temple_entry_statues
D:5:      layout_cave_pods, nicolae_overflow_squiral, uniq_eustachio
D:6:      layout_cave_pools, nicolae_shop_gadgets, uniq_duvessa
D:7:      layout_loops_ring, kennysheep_another_room
D:8:      layout_loops_ring, lair_entry_dummy, serial_shops, shop
Temple:   dshaligram_water_room_temple
Lair:1:   layout_gridlike, beast_lair_carwin_5
Lair:2:   layout_hall_layers
Lair:3:   layout_small_grid, palyth_hydra_swamp_entry,
          nicolae_spider_entry_orb_guardian, portal_ice_cave_rime,
          grunt_megastairs_4
Lair:4:   layout_hall_layers, chequers_serial_rivers_micro_c
Lair:5:   evilmike_catoblepas_cave, layout_misc_corridors, slime_entry_1,
          chequers_serial_rivers_micro_a, chequers_serial_rivers_small_b
Swamp:1:  layout_falls_marsh, nicolae_swamp_well_well_well
Spider:1: layout_chambers

Skill      XL: |  1  2  3  4  5  6  7  8  9 10 11 12 13 |
---------------+----------------------------------------+-----
Air Magic      | 5 6 7 9 10 11 12 | 12.2
Spellcasting   | 3 4 5 6 7 8 10 12 13 | 13.5
Fighting       | 1 2 3 5 6 7 8 |  8.9
Conjurations   | 2 4 6 8 9 10 | 10.0
Dodging        | 3 4 5 7 8 9 |  9.8
Stealth        | |  2.0
Unarmed Combat | |  0.1

Action                     |  1- 3 |  4- 6 |  7- 9 | 10-12 | 13-15 || total
---------------------------+-------+-------+-------+-------+-------++-------
  Melee: Unarmed           |    54 |    16 |       |       |       ||    70
         Kick              |    12 |     4 |       |       |       ||    16
         Peck              |     9 |     2 |       |       |       ||    11
         Dagger            |       |       |       |       |     1 ||     1
   Cast: Shock             |    51 |   122 |   125 |    31 |       ||   329
         Static Discharge  |       |    14 |    36 |    56 |    12 ||   118
         Swiftness         |       |     2 |     1 |     6 |     8 ||    17
         Airstrike         |       |       |    46 |   226 |    74 ||   346
  Evoke: Wand              |       |       |     8 |       |       ||     8
    Use: Scroll            |       |     7 |     3 |     3 |       ||    13
         Potion            |       |       |       |     1 |     1 ||     2
   Stab: Sleeping          |     2 |     2 |       |       |       ||     4
 Armour: Robe              |    24 |    30 |    92 |   137 |    84 ||   367
  Dodge: Dodged            |    30 |    22 |    47 |   126 |    80 ||   305
